 Seeded DCSS version 0.29.1-12-g30fa7ad0bf (webtiles) character file.

Game seed: 7487826094195447712 (custom seed)

45829 sanboga the Severer (level 14, -1/198 HPs)
             Began as a Minotaur Berserker on Jan 5, 2023.
             Was a High Priest of Trog.
             Slain by a grey draconian monk (12 damage)
             ... summoned by old memories
             ... in a wizard's laboratory.
             The game lasted 00:18:24 (17013 turns).

sanboga the Severer (Minotaur Berserker)           Turns: 17013, Time: 00:18:24

Health: -1/198     AC: 29    Str: 36    XL:     14   Next: 2%
Magic:  13/13      EV:  9    Int:  4    God:    Trog [*****.]
Gold:   917        SH: 21    Dex: 12    Spells: 13/13 levels left

rFire   . . .      SeeInvis .   a - +3 broad axe (chaos)
rCold   + . .      Faith    .   e - +9 kite shield of Beaphabi {rPois Str+5}
rNeg    . . .      Spirit   .   p - +0 plate armour
rPois   +          Reflect  .   f - +1 hat "Sarr" {rElec rC+}
rElec   +          Harm     .   s - +2 cloak
rCorr   .          Rampage  .   C - +1 pair of gloves
Will    +....                   (no boots)
Stlth   ..........              x - amulet of the acrobat
HPRegen 0.43/turn               r - +6 ring of strength
MPRegen 0.13/turn               o - +4 ring of protection

@: berserking, studying Armour, very quick
A: horns 2, retaliatory headbutt
a: Renounce Religion, Berserk, Trog's Hand, Brothers in Arms


You were in a wizard's laboratory.
You worshipped Trog.
Trog was extremely pleased with you.
You visited 3 branches of the dungeon, and saw 17 of its levels.
You also visited: Wizlab.

You collected 1103 gold pieces.
You spent 186 gold pieces at shops.

Inventory:

Hand Weapons
 a - a +3 broad axe of chaos (weapon)
Armour
 e - the +9 kite shield of Beaphabi (worn) {rPois Str+5}
   (You acquired it on level 3 of the Dungeon)

   Str:       It affects your strength (+5).
   rPois:     It protects you from poison.
 f - the +1 hat "Sarr" (worn) {rElec rC+}
   (You acquired it on level 4 of the Dungeon)

   rC:        It protects you from cold.
   rElec:     It insulates you from electricity.
 p - a +0 plate armour (worn)
 s - a +2 cloak (worn)
 C - a +1 pair of gloves (worn)
Jewellery
 o - a +4 ring of protection (right hand)
 r - a +6 ring of strength (left hand)
 t - a ring of flight
 w - a ring of protection from fire
 x - an amulet of the acrobat (around neck)
Wands
 b - a wand of polymorph (15)
 k - a wand of paralysis (14)
 q - a wand of mindburst (29)
 u - a wand of roots (11)
 v - a wand of quicksilver (14)
 G - a wand of flame (16)
Scrolls
 c - 2 scrolls of magic mapping
 j - 2 scrolls of fear
 l - 3 scrolls of enchant armour
 m - a scroll of enchant weapon
 n - 2 scrolls of silence
 y - a scroll of summoning
Potions
 d - 2 potions of brilliance {unknown}
 g - 2 potions of ambrosia
 h - 3 potions of haste
 i - 4 potions of curing
 z - 2 potions of invisibility
 A - 4 potions of degeneration {unknown}
 B - 3 potions of berserk rage
 D - a potion of flight {unknown}
 E - a potion of mutation
 F - a potion of resistance {unknown}
 H - 3 potions of heal wounds


   Skills:
 + Level 14.0 Fighting
 - Level 18.0 Axes
 + Level 17.6 Armour
 - Level 3.3 Dodging
 + Level 13.2 Shields


You had 13 spell levels left.
You didn't know any spells.
Your spell library was empty.

Dungeon Overview and Level Annotations

Branches:
Dungeon (15/15)            Temple (1/1) D:4            Lair (0/5) D:9
    Orc (0/2) D:11         Vaults (0/5) D:14         Depths (1/4) D:15
 WizLab (1/1)

Altars:
Elyvilon
Gozag
Kikubaaqudgha
Makhleb
Nemelex Xobeh
Okawaru
Sif Muna
Wu Jian
Yredelemnul
Zin
The Shining One

Shops:
D:1 ?   D:7 ?

Portals:
Ziggurat: Depths:1


Innate Abilities, Weirdness & Mutations

You have a pair of horns on your head.
You reflexively headbutt those who attack you in melee.


Message History

The grey draconian monk hits you.
* * * LOW HITPOINT WARNING * * *
The grey draconian monk kicks you!
* * * LOW HITPOINT WARNING * * *
The grey draconian monk tail-slaps you.
* * * LOW HITPOINT WARNING * * *
The grey draconian monk tail-slaps you.
* * * LOW HITPOINT WARNING * * *
You hit the grey draconian monk but do no damage.
You headbutt the grey draconian monk.
The grey draconian monk is heavily wounded.
You hit the demonspawn. You slash the grey draconian monk!
Your headbutt misses the grey draconian monk.
The grey draconian monk is heavily wounded.
You slash the demonspawn!
The demonspawn flickers and vanishes!
Deactivating autopickup; reactivate with Ctrl-A.
Something hits you.
* * * LOW HITPOINT WARNING * * *
Something claws you.
* * * LOW HITPOINT WARNING * * *
Something gores you but does no damage.
You completely miss the grey draconian monk.
Your headbutt misses the grey draconian monk.
The grey draconian monk is heavily wounded.
You slash something! You freeze something.
The grey draconian monk hits you but does no damage.
You block the grey draconian monk's attack. x2
The grey draconian monk barely misses you.
You closely miss the grey draconian monk.
Your headbutt misses the grey draconian monk.
The grey draconian monk is heavily wounded.
You slice something!!
You feel the power of Trog in you as your rage grows.
Reactivating autopickup.
You miss the grey draconian monk.
The grey draconian monk is heavily wounded.
You block the grey draconian monk's attack.
The grey draconian monk kicks you!
You die...

##### .
##...##♣♣....
#q@∩..+......
##...##♣♣....
##### .


You could see a grey draconian monk (summoned, slow, drained).

Vanquished Creatures
  Rupert (D:12)
  A frost giant (Depths:1)
  A stone giant (Depths:1)
  A fire dragon (D:15)
  A great orb of eyes (D:15)
  2 rakshasas
  4 boulder beetles
  2 hydras
  An ogre mage (D:14)
  5 centaur warriors
  A death knight (D:13)
  8 two-headed ogres
  Erica (D:8)
  5 skeletal warriors (D:13)
  Pikel (D:9)
  A lindwurm (shapeshifter) (D:15)
  4 deep elf pyromancers
  9 ugly things
  3 cyclopes
  13 slime creatures
  2 manticores (D:15)
  Maurice (D:9)
  3 centaur zombies (D:10)
  3 unseen horrors
  3 efreet
  An unseen horror zombie (D:10)
  6 meliai
  A hornet (D:5)
  3 trolls
  A meliai zombie (D:10)
  A vampire (D:14)
  A wyvern (D:9)
  11 yaks
  A shadow (D:12)
  A basilisk (D:13)
  3 steam dragons
  Grum (D:8)
  Menkaure (D:7)
  6 vampire mosquitoes
  2 acid dragons
  2 water moccasins (D:7)
  2 orc warriors
  An ice beast (D:5)
  4 wolves
  5 boggarts (D:12)
  7 centaurs
  2 ogres
  2 phantoms (D:4)
  4 kobold brigands
  5 necrophages
  2 scorpions
  A wight (D:10)
  3 killer bees (D:9)
  3 jellies (D:7)
  7 howler monkeys
  3 electric eels (D:9)
  9 hounds
  A gnoll bouda (D:9)
  A human zombie (D:10)
  8 orc priests
  Crazy Yiuf (D:7)
  4 iguanas
  7 orc wizards
  2 mummies (D:10)
  3 gnolls (D:9)
  5 adders
  5 shadow imps
  2 ufetubi (D:5)
  A worm (D:4)
  4 dart slugs
  29 orcs
  10 endoplasms
  2 giant cockroaches
  8 goblins
  5 hobgoblins
  14 jackals
  29 kobolds
  4 quokkas
  3 ball pythons
  7 bats
  4 frilled lizards
  9 rats
  A rat zombie (D:9)
348 creatures vanquished.

Notes
Turn   | Place    | Note
-------+----------+-------------------------------------------
     0 | D:1      | sanboga the Minotaur Berserker began the quest for the Orb.
     0 | D:1      | Reached XP level 1. HP: 19/19 MP: 0/0
   104 | D:1      | Reached XP level 2. HP: 17/27 MP: 1/1
   278 | D:1      | Reached skill level 4 in Axes
   318 | D:1      | Reached XP level 3. HP: 8/33 MP: 2/2
   886 | D:1      | Found Sukegiw's Magic Scroll Shoppe.
   961 | D:2      | Found a faded altar of an unknown god.
  1177 | D:2      | Reached ** piety under Trog
  1454 | D:2      | You fall into a shaft and drop 1 floor!
  1455 | D:3      | Found an iron altar of Okawaru.
  1624 | D:3      | Reached XP level 4. HP: 36/41 MP: 3/3
  1917 | D:3      | Identified a scroll of acquirement
  1917 | D:3      | Acquired the +9 kite shield of Beaphabi {rPois Str+5}
  2325 | D:1      | Bought a scroll of enchant armour for 82 gold pieces
  2355 | D:3      | Reached XP level 5. HP: 47/47 MP: 4/4
  2505 | D:4      | Reached skill level 1 in Shields
  2522 | D:4      | Noticed a phantom
  2536 | D:4      | Killed a phantom
  2537 | D:4      | Reached skill level 5 in Fighting
  2537 | D:4      | Reached skill level 5 in Axes
  2742 | D:4      | Found a staircase to the Ecumenical Temple.
  2759 | D:4      | Noticed a phantom
  2776 | D:4      | Killed a phantom
  2777 | D:4      | Reached XP level 6. HP: 34/56 MP: 5/5
  2966 | D:4      | Reached *** piety under Trog
  3077 | D:1      | Bought a scroll of silence for 104 gold pieces
  3147 | D:4      | Reached skill level 6 in Axes
  3487 | D:4      | Acquired the +1 hat "Sarr" {rElec rC+}
  3513 | Temple   | Entered the Ecumenical Temple
  3545 | D:5      | Entered Level 5 of the Dungeon
  3574 | D:5      | Noticed a hornet
  3582 | D:5      | Killed a hornet
  3583 | D:5      | Reached skill level 5 in Armour
  3583 | D:5      | Reached XP level 7. HP: 27/62 MP: 6/6
  3846 | D:5      | Reached skill level 7 in Axes
  4121 | D:5      | Identified the +3 leather armour of Ruosyhur {rC+}
  4250 | D:5      | Reached XP level 8. HP: 64/70 MP: 7/7
  4515 | D:5      | Reached skill level 8 in Axes
  4850 | D:5      | Found a shimmering blue altar of Sif Muna.
  5467 | D:6      | Reached skill level 5 in Shields
  5721 | D:7      | Noticed Menkaure
  5721 | D:7      | Found Xaqoesul's Magic Scroll Emporium.
  5729 | D:7      | Killed Menkaure
  5730 | D:7      | Reached skill level 9 in Axes
  5866 | D:7      | Found a white marble altar of Elyvilon.
  6149 | D:7      | Reached **** piety under Trog
  6150 | D:7      | Reached XP level 9. HP: 79/79 MP: 8/8
  6307 | D:7      | Found a glowing golden altar of the Shining One.
  6747 | D:7      | Found a runed translucent door.
  6748 | D:7      | Noticed Crazy Yiuf
  6799 | D:7      | Killed Crazy Yiuf
  6804 | D:7      | Identified the +2 hammer of Uwalax {venom, +Blink rC+
                  | Int+2}
  6961 | D:8      | Reached skill level 10 in Axes
  7049 | D:8      | Acquired a manual of Armour
  7519 | D:8      | Noticed Grum
  7529 | D:8      | Killed Grum
  7714 | D:8      | Found an ornate altar of the Wu Jian Council.
  7734 | D:8      | Noticed Erica
  7748 | D:8      | Killed Erica
  7749 | D:8      | Reached skill level 11 in Axes
  7958 | D:8      | Noticed a cyan ugly thing
  7961 | D:8      | Noticed a two-headed ogre
  7973 | D:8      | Killed a cyan ugly thing
  7974 | D:8      | Reached XP level 10. HP: 90/90 MP: 9/9
  7977 | D:8      | Killed a two-headed ogre
  8160 | D:9      | Found a staircase to the Lair.
  8172 | D:9      | Reached skill level 12 in Axes
  8178 | D:9      | Reached skill level 10 in Armour
  8324 | D:9      | Found an opulent altar of Gozag.
  8449 | D:9      | Found a sparkling altar of Nemelex Xobeh.
  8450 | D:9      | Noticed Pikel
  8464 | D:9      | Killed Pikel
  8756 | D:9      | Found an ancient bone altar of Kikubaaqudgha.
  8817 | D:9      | Reached ***** piety under Trog
  8834 | D:9      | Reached skill level 13 in Axes
  8971 | D:9      | Noticed Maurice
  8996 | D:9      | Killed Maurice
  8997 | D:9      | Reached skill level 10 in Fighting
  8997 | D:9      | Reached XP level 11. HP: 96/99 MP: 10/10
  9251 | D:10     | Entered Level 10 of the Dungeon
  9358 | D:10     | Noticed a two-headed ogre
  9365 | D:10     | Killed a two-headed ogre
  9482 | D:10     | Found a basalt altar of Yredelemnul.
  9609 | D:10     | Reached skill level 14 in Axes
  9668 | D:10     | Found a glowing silver altar of Zin.
 10002 | D:11     | Found a staircase to the Orcish Mines.
 10108 | D:11     | Noticed a two-headed ogre
 10116 | D:11     | Killed a two-headed ogre
 10577 | D:12     | Noticed a two-headed ogre
 10588 | D:12     | Killed a two-headed ogre
 10656 | D:12     | Reached skill level 10 in Shields
 10896 | D:12     | Noticed a five-headed hydra
 10905 | D:12     | Killed an 11-headed hydra
 11119 | D:12     | Noticed Rupert
 11136 | D:12     | Killed Rupert
 11137 | D:12     | Reached skill level 15 in Axes
 11137 | D:12     | Reached XP level 12. HP: 95/110 MP: 11/11
 11467 | D:12     | Noticed a two-headed ogre
 11474 | D:12     | Killed a two-headed ogre
 11530 | D:12     | Noticed a boulder beetle
 11531 | D:12     | Noticed a four-headed hydra
 11532 | D:12     | Noticed a two-headed ogre
 11533 | D:12     | Noticed a seven-headed hydra
 11538 | D:12     | Noticed a six-headed hydra
 11543 | D:12     | Killed a boulder beetle
 11973 | D:12     | Noticed a two-headed ogre
 11980 | D:12     | Killed a two-headed ogre
 12349 | D:13     | Reached skill level 16 in Axes
 12622 | D:13     | Noticed a death knight
 12633 | D:13     | Killed a death knight
 12947 | D:13     | Noticed a boulder beetle
 12958 | D:13     | Killed a boulder beetle
 13050 | D:13     | Reached skill level 15 in Armour
 13149 | D:13     | Noticed a rakshasa
 13166 | D:13     | Killed a rakshasa
 13667 | D:13     | Noticed a centaur warrior
 13679 | D:13     | Killed a centaur warrior
 13960 | D:14     | Received a gift from Trog
 13961 | D:14     | Reached XP level 13. HP: 88/119 MP: 12/12
 14193 | D:14     | Found a gate to the Vaults.
 14543 | D:14     | Reached skill level 17 in Axes
 15418 | D:15     | Entered Level 15 of the Dungeon
 15421 | D:15     | Found a burning altar of Makhleb.
 15450 | D:15     | Noticed a fire dragon
 15460 | D:15     | Killed a fire dragon
 16385 | D:15     | Reached skill level 18 in Axes
 16476 | D:15     | Found a staircase to the Depths.
 16827 | Depths:1 | Entered Level 1 of the Depths
 16827 | Depths:1 | Noticed a frost giant
 16829 | Depths:1 | Found a one-way gateway to a ziggurat.
 16830 | Depths:1 | Noticed a stone giant
 16836 | Depths:1 | Killed a frost giant
 16841 | Depths:1 | Killed a stone giant
 16842 | Depths:1 | Reached XP level 14. HP: 132/132 MP: 13/13
 16848 | Depths:1 | Noticed a stone giant
 16861 | Depths:1 | Found a magical portal.
 16868 | WizLab   | Entered Wucad Mu's Monastery
 16999 | WizLab   | Noticed a grey draconian monk
 17013 | WizLab   | Slain by a grey draconian monk

Illustrated notes

Levels and vault maps discovered:
D:1:      matt_arrival_diagonals, layout_rooms, serial_shops,
          nicolae_diamond_shop
D:2:      layout_basic, shapermc_ecumenical_altar_gd
D:3:      layout_rooms, okawaru_trees_1
D:4:      layout_cave_pools, temple_pool_b
D:5:      layout_loops_ring, kennysheep_orc_sif_temple
D:6:      layout_basic, kennysheep_windowed_goal
D:7:      layout_cave_pools, amcnicky_altar_gilded,
          mainiacjoe_overflow_24_doors, nicolae_stop_n_shop_1, st_stairs_13,
          minmay_misc_feat_columns, amcnicky_mini_pool_small,
          uniq_crazy_yiuf_cottage, uniq_menkaure
D:8:      layout_basic, lemuel_doored_altar, grunt_ogre_cave,
          eino_small_chamber_without_monster, uniq_erica, uniq_grum
D:9:      layout_roguey, lemuel_zombie_altar_kikubaaqudgha,
          mainiacjoe_overflow_brackets,
          mainiacjoe_overflow_concentric_impassable, erik_lair_island,
          minmay_misc_feat_chi, uniq_maurice, uniq_pikel
D:10:     layout_basic, lemuel_mausoleum_altar_yredelemnul, kennysheep_mini
D:11:     layout_rooms, orc_0_dummy, kennysheep_small_circle
D:12:     layout_basic, uniq_rupert
D:13:     layout_grid_maze
D:14:     layout_basic, david_vaults_2, grunt_decor_fettered
D:15:     gammafunk_enter_depths_forms, layout_basic, lemuel_round_altar
Temple:   minmay_temple_bridge_abc
Depths:1: layout_cave_shapes, enter_ziggurat_d, kennysheep_donut,
          rand_demon_pan_entry_7, ebering_ghost_xom,
          pf_vacation_house_of_asmodeus, mu_enter_wizlab_4, nzn_life_drinkers,
          uniq_enchantress
WizLab:   wizlab_wucad

Skill      XL: |  1  2  3  4  5  6  7  8  9 10 11 12 13 |
---------------+----------------------------------------+-----
Fighting       | 4 5 6 7 8 10 11 12 14 | 14.0
Axes           | 4 5 6 7 9 11 13 15 16 18 | 18.0
Armour         | 3 4 5 6 9 11 13 15 17 | 17.6
Dodging        | 3 |  3.3
Shields        | 2 3 5 7 8 10 11 13 | 13.2

Action                   |  1- 3 |  4- 6 |  7- 9 | 10-12 | 13-15 || total
-------------------------+-------+-------+-------+-------+-------++-------
Melee: Hand axe          |    87 |   111 |   260 |   143 |       ||   601
       Punch             |     2 |       |       |       |       ||     2
       Headbutt          |     7 |    20 |    62 |   100 |    62 ||   251
       War axe           |       |       |       |   269 |       ||   269
       Broad axe         |       |       |       |    74 |   223 ||   297
Invok: Berserk           |     1 |     2 |     2 |     7 |     7 ||    19
       Brothers in Arms  |       |       |       |     1 |       ||     1
  Use: Scroll            |     4 |     9 |     7 |     6 |     3 ||    29
       Potion            |       |       |       |       |     1 ||     1
 Stab: Sleeping          |       |     1 |       |       |       ||     1
       Confused          |       |       |       |       |     2 ||     2
Armor: Animal skin       |    22 |    11 |    43 |       |       ||    76
       Plate armour      |       |       |    13 |   227 |   100 ||   340
       Chain mail        |       |       |     9 |       |       ||     9
Dodge: Dodged            |    78 |    43 |    58 |   135 |    55 ||   369
Block: Kite shield       |       |    75 |   236 |   424 |   244 ||   979
